Map: Mech Depot LE

Players

GAMETIME - Winner!

  • Race: Zerg Zerg
  • Spawn Location: 1:00

Semper

  • Race: Terran Terran
  • Spawn Location: 7:00

Event: WCS Montreal 2017

VOD

Have the link to the VOD?

Description

Time

  • Played on: Sept. 8, 2017, 4:25 p.m.
  • Length: 20:19

All games in this series

Show
View Real Time Build Order
Export as new Build Order

GAMETIME Zerg - Winner!

Build Orders: Hatch First, Muta Ling Bane 

Get SALT Encoding   

  12  0:00  Drone  
  13  0:08  Drone  
  14  0:16  Overlord  
  14  0:22  Extractor  
  14  0:23  Drone  
  15  0:35  Drone x2  
  17  0:51  Hatchery  
  17  0:55  Drone  
  17  0:58  Drone  
  18  1:09  Extractor  
  17  1:13  Spawning Pool  
  17  1:16  Drone  
  17  1:20  Drone  
  18  1:26  Drone  
  19  1:38  Overlord  
  19  2:00  Queen  
  19  2:01  Zergling x4  
  23  2:03  Queen, Zergling x2  
  26  2:10  Metabolic Boost, Drone  
  26  2:14  Drone  
  28  2:21  Drone  
  29  2:26  Drone  
  29  2:27  Extractor  
  29  2:31  Drone  
  31  2:37  Extractor  
  31  2:38  Drone  
  31  2:42  Drone  
  32  2:45  Queen  
  32  2:46  Overlord  
  34  2:55  Extractor  
  34  3:00  Drone x2  
  35  3:08  Hatchery  
  35  3:12  Zergling x10  
  40  3:15  Zergling x2  
  40  3:17  Zergling x2  
  40  3:18  Zergling x2  
  40  3:19  Zergling x2  
  44  3:26  Overlord  
  44  3:33  Overlord  
  44  3:42  Overlord  
  44  3:46  Drone x4  
  48  3:49  Drone  
  49  3:56  Drone  
  49  3:59  Drone  
  47  4:03  Drone  
  47  4:10  Drone  
  47  4:13  Drone  
  47  4:15  Drone  
  46  4:17  Drone x2, Zergling x2  
  46  4:18  Queen x2, Zergling x4  
  46  4:21  Queen  
  55  4:30  Zergling x4  
  57  4:33  Baneling Nest, Zergling x2  
  57  4:35  Zergling x4  
  59  4:41  Zergling x2  
  59  4:45  Zergling x2  
  61  4:46  Spine Crawler  
  61  4:52  Drone x5  
  65  4:53  Drone  
  66  5:01  Drone  
  66  5:05  Overlord x2  
  66  5:06  Overlord  
  65  5:09  Lair  
  63  5:17  Drone  
  63  5:18  Drone x3  
  66  5:24  Extractor, Drone  
  66  5:25  Extractor  
  66  5:27  Drone x3  
  66  5:28  Drone x3  
  68  5:37  Drone  
  65  5:43  Drone x4  
  65  5:49  Drone  
  60  5:51  Drone x2  
  60  5:52  Drone x2  
  60  5:54  Drone x3  
  60  5:55  Drone x2  
  67  6:02  Drone  
  67  6:03  Drone  
  69  6:12  Drone x2  
  69  6:13  Extractor x2, Spire  
  69  6:14  Extractor, Drone  
  69  6:16  Drone  
  69  6:17  Drone  
  70  6:19  Drone  
  70  6:23  Drone x2  
  73  6:29  Drone x2  
  75  6:38  Hatchery  
  75  6:39  Zergling x10  
  78  6:43  Drone x3  
  78  6:44  Drone  
  78  6:45  Drone  
  83  6:51  Overlord  
  83  6:52  Overlord  
  83  7:07  Overlord x4  
  83  7:08  Overlord  
  83  7:11  Zergling x10  
  83  7:12  Zergling x2  
  85  7:25  Mutalisk x5, Zerg Flyer Weapons Level 1  
  85  7:29  Mutalisk x2  
  99  7:32  Centrifical Hooks  
  99  7:34  Mutalisk  
  99  7:36  Mutalisk  
  100  7:39  Zergling x4  
  100  7:42  Zergling x4  
  100  7:44  Baneling x5  
  106  7:46  Zergling x4  
  106  7:48  Zergling x2  
  106  7:49  Zergling x2  
  110  7:54  Zergling x8  
  110  7:56  Zergling x4  
  116  7:59  Overlord  
  116  8:00  Zergling x4  
  116  8:02  Mutalisk  
  116  8:04  Baneling x2  
  116  8:05  Zergling x4  
  121  8:07  Zergling x4  
  121  8:08  Zergling x2  
  121  8:10  Zergling x2  
  121  8:11  Overlord  
  126  8:14  Baneling  
  126  8:15  Baneling x6  
  126  8:19  Zergling x10  
  130  8:25  Zergling x6  
  133  8:27  Overlord  
  133  8:34  Zergling x2  
  133  8:35  Zergling x8  
  133  8:38  Zergling x6  
  133  8:39  Zergling x2  
  140  8:46  Zergling x2  
  139  8:50  Zergling x2  
  139  8:54  Mutalisk x7  
  141  9:04  Zergling x2  
  141  9:05  Zergling x14  
  140  9:13  Zergling x2  
  140  9:14  Zergling x12  
  140  9:16  Mutalisk  
  146  9:21  Mutalisk  
  139  9:25  Mutalisk  
  139  9:26  Mutalisk  
  139  9:28  Zergling x6  
  139  9:30  Mutalisk x2, Zergling x6  
  138  9:32  Zergling x2  
  138  9:33  Baneling  
  138  9:34  Baneling x4  
  138  9:35  Zergling x2  
  138  9:38  Zergling x4  
  141  9:39  Zergling x2  
  141  9:41  Zergling x2  
  141  9:42  Baneling x3  
  141  9:43  Baneling x5  
  144  9:47  Zergling x2  
  144  9:48  Zergling x2  
  144  9:49  Zergling x4  
  142  9:52  Zergling x2  
  142  9:53  Zergling x2  
  142  9:58  Zergling x10, Evolution Chamber  
  143  10:05  Overlord  
  143  10:06  Overlord x2  
  143  10:09  Baneling x5  
  143  10:10  Baneling x5  
  143  10:12  Overlord  
  143  10:18  Evolution Chamber  
  135  10:31  Zergling x4  
  135  10:32  Zergling x28  
  117  10:40  Zergling x10  
  113  10:45  Mutalisk x4  
  115  10:50  Zerg Melee Weapons Level 1  
  115  10:52  Zerg Ground Armor Level 1  
  115  10:56  Mutalisk x2  
  118  10:59  Drone  
  118  11:00  Drone x2  
  118  11:01  Drone  
  118  11:02  Mutalisk  
  124  11:04  Baneling x2  
  124  11:05  Baneling x2  
  124  11:09  Mutalisk  
  126  11:14  Baneling  
  126  11:15  Zergling x2, Baneling x2  
  126  11:16  Zergling x8  
  131  11:19  Zergling x6  
  131  11:20  Zergling x2  
  131  11:22  Zergling x4  
  131  11:23  Zergling x2  
  131  11:25  Overseer  
  138  11:26  Zergling x2  
  138  11:30  Mutalisk x2  
  143  11:33  Overlord  
  143  11:35  Zergling x2  
  143  11:36  Zergling x4  
  143  11:37  Zergling x2  
  143  11:38  Zergling x4  
  148  11:42  Zergling x8  
  152  11:48  Zergling x10  
  152  11:49  Zergling x2  
  156  11:59  Mutalisk x3  
  143  12:05  Drone  
  143  12:06  Mutalisk x2, Drone  
  143  12:07  Mutalisk  
  150  12:10  Baneling x3  
  150  12:12  Zergling x2  
  150  12:13  Zergling x12  
  157  12:24  Zerg Flyer Weapons Level 2  
  157  12:26  Zergling x2  
  157  12:28  Zergling x4  
  160  12:31  Zergling x4  
  160  12:32  Hatchery  
  160  12:35  Mutalisk  
  160  12:36  Mutalisk  
  161  12:44  Baneling  
  161  12:45  Zergling x2, Baneling x5  
  161  12:46  Zergling x12  
  168  12:54  Baneling  
  168  12:55  Baneling x6  
  168  13:01  Overlord x3  
  168  13:05  Zerg Melee Weapons Level 2  
  168  13:13  Overlord x2  
  168  13:17  Baneling x7  
  168  13:18  Baneling  
  168  13:25  Zergling x6  
  168  13:26  Zergling x20  
  179  13:35  Baneling x7  
  179  13:36  Baneling x4  
  179  13:41  Zergling x2  
  179  13:42  Zergling x12  
  179  13:43  Baneling x4  
  186  13:56  Zerg Ground Armor Level 2  
  186  13:59  Zergling x18  
  195  14:03  Zergling x2  
  195  14:04  Zergling x6  
  199  14:16  Zergling x2  
  192  14:27  Baneling  
  192  14:28  Baneling x17  
  192  14:29  Zergling x16  
  194  14:40  Corruptor x2  
  194  14:45  Zergling x8  
  198  14:50  Baneling x3  
  198  14:51  Baneling x4  
  191  14:58  Drone x3  
  188  15:02  Zergling x22  
  188  15:06  Hatchery  
  198  15:11  Baneling x9  
  198  15:21  Zergling x2  
  198  15:22  Zergling x2  
  200  15:36  Infestation Pit  
  200  15:38  Baneling x9  
  198  15:52  Overseer  
  195  16:08  Zergling x2  
  195  16:09  Zergling x18  
  195  16:10  Overseer  
  200  16:19  Hive  
  200  16:21  Zerg Missile Weapons Level 1  
  199  16:33  Overseer  
  192  16:40  Zergling x18  
  192  16:41  Zergling x4  
  179  16:47  Zergling x2  
  179  16:50  Zergling x2  
  179  16:51  Zergling x34  
  179  16:52  Zergling x12  
  195  16:56  Baneling  
  195  16:57  Baneling x18  
  195  16:58  Baneling x6  
  195  17:00  Overlord  
  195  17:07  Baneling x5  
  195  17:08  Zergling x10  
  200  17:21  Hatchery  
  197  17:32  Corruptor  
  187  17:42  Zergling x2  
  187  17:43  Zergling x42  
  161  17:49  Corruptor  
  140  17:58  Corruptor x2  
  140  17:59  Corruptor  
  140  18:04  Baneling x2  
  140  18:05  Baneling x4  
  146  18:12  Drone x6  
  151  18:17  Zergling x4  
  152  18:23  Adrenal Glands  
  152  18:28  Baneling x5  
  152  18:29  Baneling  
  152  18:30  Baneling  
  152  18:31  Baneling  
  152  18:32  Baneling  
  152  18:36  Extractor  
  152  18:39  Drone x3  
  154  18:42  Zergling x2  
  154  18:43  Zergling x4  
  154  18:47  Baneling  
  154  18:48  Baneling x4  
  157  18:49  Zergling x4  
  157  18:53  Zergling x4  
  153  19:06  Drone x3  
  153  19:07  Drone  
  153  19:08  Drone x2  
  155  19:14  Zergling x12  
  160  19:21  Baneling  
  160  19:22  Baneling x6  
  160  19:27  Zergling x2  
  160  19:28  Zergling x6  
  160  19:34  Zergling x8  
  164  19:41  Overlord  
  164  19:44  Zergling x2  
  164  19:45  Baneling  
  165  19:50  Zergling x2, Hatchery  
  165  19:51  Zergling x2  
  166  19:53  Zergling x2  
  153  20:02  Zergling x2  
Show
View Real Time Build Order
Export as new Build Order

Semper Terran 

Build Orders: Reaper Expand, MMM Bio 

Get SALT Encoding   

  12  0:00  SCV  
  13  0:13  SCV  
  14  0:17  Supply Depot  
  14  0:25  SCV  
  15  0:39  SCV  
  15  0:40  Barracks  
  16  0:44  Refinery  
  16  0:51  SCV  
  17  1:03  SCV  
  18  1:15  SCV  
  19  1:27  Orbital Command  
  19  1:28  Reaper  
  20  1:40  Command Center  
  20  1:51  Supply Depot  
  20  1:53  SCV  
  21  1:59  Marine  
  22  2:05  SCV  
  23  2:09  Factory  
  23  2:14  Refinery  
  23  2:17  SCV  
  24  2:23  Barracks Reactor  
  24  2:29  SCV  
  25  2:41  SCV  
  26  2:53  SCV  
  26  2:55  Orbital Command  
  27  2:58  Starport  
  29  3:05  SCV  
  29  3:06  Hellion x2  
  32  3:17  SCV  
  33  3:22  SCV  
  33  3:23  Barracks Tech Lab  
  33  3:26  Supply Depot  
  36  3:27  Hellion  
  36  3:30  SCV  
  37  3:38  SCV  
  38  3:42  Medivac  
  40  3:50  SCV  
  40  3:51  Hellion x2  
  40  3:52  SCV  
  45  4:01  Liberator  
  44  4:03  SCV  
  44  4:07  SCV  
  43  4:13  Hellion x2  
  44  4:23  SCV  
  48  4:30  Supply Depot  
  48  4:31  Supply Depot, Marine, SCV  
  49  4:37  SCV, Engineering Bay  
  51  4:43  SCV  
  52  4:52  Command Center  
  52  4:57  SCV  
  53  5:01  Siege Tank  
  53  5:03  SCV  
  56  5:09  SCV  
  56  5:11  Marine  
  58  5:15  SCV  
  58  5:20  Engineering Bay  
  58  5:21  Marine  
  59  5:22  Terran Infantry Weapons Level 1  
  59  5:23  SCV  
  59  5:28  SCV  
  62  5:30  Supply Depot  
  62  5:31  Supply Depot  
  51  5:50  SCV  
  50  5:57  SCV  
  50  5:59  Factory Reactor  
  50  6:01  Barracks, Terran Infantry Armor Level 1  
  50  6:02  SCV, Refinery  
  48  6:04  Refinery  
  48  6:05  Barracks, Stimpack  
  48  6:06  Orbital Command  
  48  6:08  Starport Reactor  
  48  6:09  SCV  
  48  6:10  Marine  
  50  6:14  SCV  
  51  6:19  Barracks  
  51  6:21  Barracks, SCV  
  52  6:26  SCV  
  52  6:28  Marine  
  54  6:33  SCV  
  54  6:38  SCV  
  56  6:45  Marine  
  57  6:48  Factory Tech Lab  
  57  6:50  SCV x2  
  57  6:52  Armory  
  57  6:53  Marine  
  57  6:54  Marine  
  67  6:55  Medivac x2, Marine  
  67  6:56  Marine  
  67  7:02  SCV x2  
  67  7:03  Marine  
  70  7:09  Barracks Reactor x2  
  70  7:11  Siege Tank, Marine  
  70  7:14  SCV x2  
  70  7:15  Marine x2  
  77  7:21  Orbital Command, Marine  
  77  7:22  Liberator, Marine  
  77  7:26  SCV  
  77  7:27  SCV  
  77  7:28  Supply Depot  
  77  7:29  Supply Depot, Marine  
  80  7:32  Factory  
  80  7:33  Marine  
  80  7:35  Marine  
  82  7:38  SCV  
  82  7:39  Medivac, Marine, SCV  
  90  7:47  Siege Tank  
  90  7:50  SCV x2  
  90  7:51  SCV  
  96  7:54  Missile Turret  
  96  8:00  Supply Depot, Missile Turret  
  96  8:01  Missile Turret  
  96  8:03  Terran Infantry Weapons Level 2  
  96  8:07  Marine, Terran Infantry Armor Level 2  
  96  8:09  SCV  
  96  8:12  SCV x2  
  100  8:16  Marine x4  
  100  8:18  Terran Vehicle Weapons Level 1  
  104  8:21  Factory Tech Lab, SCV  
  104  8:22  Marine x3  
  104  8:24  Marine, SCV  
  104  8:25  Marine  
  111  8:34  Marine  
  111  8:35  Marine  
  111  8:38  Combat Shields, Marine x2  
  111  8:40  Marine x2  
  117  8:46  Marine x2  
  117  8:48  Marine  
  114  8:52  Marine  
  114  8:53  Siege Tank, Marine  
  117  8:56  Marine x2  
  117  8:57  Marine  
  117  8:58  Marine  
  117  9:04  Marine x2  
  117  9:06  Marine  
  117  9:09  Marine  
  104  9:11  Marine  
  104  9:14  Siege Tank, Marine x2  
  104  9:15  Medivac x2, Marine x2  
  104  9:16  SCV x2  
  109  9:22  Marine x2  
  109  9:23  Marine  
  104  9:27  Marine  
  104  9:29  Marine  
  85  9:31  Marine  
  85  9:32  Siege Tank, Marine  
  85  9:33  Marine x2  
  85  9:35  SCV x2  
  94  9:40  Marine x2  
  94  9:41  Marine  
  94  9:45  Marine  
  96  9:47  Marine, SCV x2  
  96  9:49  Marine x2  
  96  9:51  Marine x2  
  104  9:57  Marine x2  
  104  9:59  Marine, SCV x2  
  109  10:02  Orbital Command  
  108  10:08  Supply Depot  
  108  10:11  Marine  
  109  10:23  Marine  
  109  10:25  Marine  
  109  10:27  Marine x2, SCV  
  109  10:30  Marine, SCV, Thor  
  109  10:31  Marine  
  109  10:32  SCV  
  109  10:34  Marine  
  100  10:36  Marine x2  
  100  10:40  SCV  
  100  10:41  Marine  
  100  10:42  SCV  
  99  10:43  Marine  
  99  10:45  Marine x2, SCV  
  99  10:48  Marine  
  99  10:49  Marine  
  102  10:52  Marine, SCV  
  102  10:54  Marine  
  102  10:55  Missile Turret  
  105  11:00  Marine  
  105  11:01  Marine x2  
  105  11:02  Marine x2  
  105  11:03  Supply Depot  
  110  11:04  SCV  
  110  11:07  Siege Tank  
  114  11:15  Marine x3  
  114  11:16  Supply Depot x2  
  117  11:24  Siege Tank  
  117  11:25  Marine, SCV  
  122  11:29  Supply Depot  
  122  11:31  Marine x3  
  125  11:34  Supply Depot  
  125  11:37  Marine x2  
  125  11:38  Supply Depot, Marine x3  
  129  11:43  Siege Tank, Marine  
  133  11:49  Marine x3  
  136  11:55  Marine x2  
  136  11:56  Marine x2  
  139  12:10  Supply Depot  
  139  12:11  Command Center  
  139  12:14  Supply Depot, Marine x5  
  144  12:19  Missile Turret  
  144  12:25  Factory Tech Lab, Siege Tank  
  144  12:26  Marine  
  144  12:27  Marine  
  149  12:35  Terran Infantry Weapons Level 3  
  147  12:38  Marine  
  147  12:40  Marine  
  140  12:46  Terran Infantry Armor Level 3  
  140  12:53  Thor  
  143  12:59  Marine  
  143  13:03  Marine x4  
  143  13:05  Marine  
  149  13:07  Sensor Tower  
  149  13:10  Marine x3  
  151  13:16  Marine  
  152  13:20  Marine  
  152  13:21  Marine  
  152  13:23  Thor  
  157  13:27  Factory  
  157  13:29  Marine x2  
  157  13:33  Marine  
  158  13:37  Marine  
  158  13:40  Marine  
  157  13:46  Starport Reactor  
  157  13:48  Marine, Planetary Fortress  
  154  14:05  Barracks Reactor x2  
  154  14:06  Barracks Reactor  
  154  14:09  Marine  
  154  14:11  Factory Tech Lab  
  154  14:15  Marine  
  155  14:24  SCV  
  150  14:27  SCV  
  150  14:28  SCV  
  150  14:29  SCV  
  153  14:32  Barracks  
  153  14:33  Barracks, Marine  
  153  14:34  Barracks x2  
  153  14:35  Barracks  
  153  14:36  SCV  
  155  14:39  SCV  
  155  14:40  SCV  
  155  14:44  Marine  
  157  14:48  SCV  
  157  14:51  SCV  
  158  15:01  Thor  
  158  15:05  Supply Depot  
  155  15:07  Supply Depot, SCV  
  155  15:08  SCV  
  155  15:12  Marine  
  158  15:15  Missile Turret  
  158  15:17  SCV x2  
  158  15:18  Marine  
  158  15:19  Marine x2, SCV  
  164  15:23  Marine  
  164  15:30  Medivac x2, Marine  
  164  15:32  Marine x2  
  164  15:35  Marine  
  172  15:38  SCV x2  
  174  15:49  Siege Tank  
  177  15:50  Siege Tank  
  179  15:58  Marine x8  
  189  16:06  Marine  
  190  16:12  Medivac x2  
  190  16:13  Marine x2  
  190  16:17  Marine  
  190  16:18  Marine x3  
  198  16:20  Command Center  
  198  16:22  Marine  
  198  16:23  Marine  
  200  16:38  Marine  
  180  16:50  Marine x4  
  180  16:51  Marine x6  
  184  16:54  Medivac x2  
  184  16:56  Marine  
  189  17:04  Siege Tank  
  189  17:08  Marine x5  
  197  17:15  Supply Depot  
  197  17:25  Marine  
  197  17:26  Orbital Command  
  196  17:30  Marine  
  197  17:37  Siege Tank, Marine x2  
  197  17:38  Siege Tank  
  197  17:43  Marine  
  197  17:44  Marine x2  
  148  17:48  Marine  
  148  17:50  Marine  
  119  17:57  Marine x2  
  117  18:09  Siege Tank  
  117  18:10  SCV x2  
  120  18:19  Marine x4  
  123  18:26  Marine  
  124  18:28  Marine  
  124  18:29  Marine  
  126  18:35  Marine  
  126  18:38  SCV  
  129  18:43  Missile Turret  
  129  18:47  Siege Tank  
  131  18:50  Marine  
  131  18:52  Marine  
  132  18:57  Planetary Fortress  
  130  19:08  Siege Tank  
  130  19:09  Marine x4  
  133  19:11  Marine x2  
  133  19:13  Marine  
  129  19:27  Marine x2  
  129  19:28  Barracks Tech Lab  
  129  19:29  Barracks Reactor  
  129  19:30  Barracks Reactor, Barracks Tech Lab  
  129  19:33  Siege Tank  
  129  19:35  Marine  
  129  19:36  Marine  
  134  19:39  Medivac  
  134  19:45  Marine x2  
  136  19:46  Missile Turret  
  136  19:52  Marine x2  
  138  19:53  Marine  
  138  19:54  Marine  
Tags
 
Add a new tag
Caveats
  • Supply blocks, unpowered buildings, or Contaminate may cause inaccurate times.
  • Supply counts are checked every 10 seconds.